 Dungeon Crawl Stone Soup version 0.16-a0-395-g6404e95 (console) character file.

48 gw the Chucker (level 3, 0/28 HPs)
             Began as a Merfolk Hunter on Sept 15, 2014.
             Was an Initiate of Okawaru.
             Succumbed to an adder's poison
             ... on Level 2 of the Dungeon.
             The game lasted 00:01:05 (1778 turns).

gw the Chucker (Merfolk Hunter)                     Turns: 1778, Time: 00:01:05

HP   0/28        AC  6     Str 12      XL: 3   Next: 72%
MP   3/3         EV  9     Int 10      God: Okawaru [......]
Gold 123         SH  0     Dex 15      Spells:  0 memorised,  2 levels left

rFire  . . .     SeeInvis .     a - +0 short sword
rCold  . . .     Clarity  .     b - +0 ring mail (curse)
rNeg   . . .     rCorr    .     (no shield)
rPois  .         rRot     .     (no helmet)
rElec  .         Spirit   .     (no cloak)
SustAb .         Warding  .     (no gloves)
rMut   .         Stasis   .     m - +0 pair of boots
Gourm  .                        (no amulet)
MR     .....                    (no ring)
                                (no ring)

@: lethally poisoned, not resistant to hostile enchantments, very unstealthy
A: change form in water, swift swim
a: Renounce Religion


You were on level 2 of the Dungeon.
You worshipped Okawaru.
Okawaru was noncommittal.
You were hungry.

You visited 1 branch of the dungeon, and saw 2 of its levels.

You collected 123 gold pieces.

Inventory:

Hand weapons
 a - a +0 short sword (weapon)
Missiles
 c - 2 throwing nets
 i - 57 stones
 k - a tomahawk (quivered)
Armour
 b - a cursed +0 ring mail (worn)
 m - a +0 pair of boots (worn)
Comestibles
 f - a bread ration
 l - 5 fruits
 n - a royal jelly
 o - a slice of pizza
 p - a meat ration
Scrolls
 e - a scroll of remove curse {unknown}
 g - a scroll of identify
 j - a scroll of amnesia {unknown}
Potions
 h - a potion of poison {unknown}
 r - a potion of haste {unknown}


   Skills:
 + Level 2.7 Fighting
 - Level 1.2 Short Blades
 * Level 4.7 Throwing
 + Level 2.8 Dodging
 - Level 1.1 Stealth
 + Level 1.4 Invocations


You had 2 spell levels left.
You didn't know any spells.

Dungeon Overview and Level Annotations

Branches:
Dungeon (2/15)

Altars:
Okawaru


Message History

ATTACKING (1,0)
You closely miss the adder.
The adder is lightly wounded.
The adder closely misses you.
ATTACKING (1,0)
You hit the adder.
The adder is moderately wounded.
The adder barely misses you.
ATTACKING (1,0)
Your ring mail prevents you from hitting the adder.
The adder is moderately wounded.
You feel sick. The adder closely misses you. The adder bites you.
ATTACKING (1,0)
You closely miss the adder.
The adder is moderately wounded.
The adder barely misses you.
ATTACKING (1,0)
You closely miss the adder.
The adder is moderately wounded.
You die...

... ...# #.# #............. .....
..# #.# #.(............ ....# #.#
#.# #...............
....####.####.# #...............
#....#.....#.####(..............
##....#..........#(..............
#..............#.#(..?...(......$
#.....#........#.#..(.(..........
#.....#........#mSw(.....##+#####
#.....#........#########.#
#.....######...# #.# #.#####
#...# #.# #.# #...# ... #.# #...#
### #.# #.# ..#


You could see a worm and an adder.

Table legend:
 A = Turns spent in this place as a percentage of turns spent in the entire game.
 B = Non-inter-level travel turns spent in this place as a percentage of non-inter-level travel turns spent in the entire game.
 C = Inter-level travel turns spent in this place as a percentage of turns spent in this place.
 D = Turns resting spent in this place as a percentage of non-inter-level travel turns spent in this place.
 E = Turns spent auto-exploring this place as a percentage of non-inter-level travel turns spent in this place.
 F = Non-inter-level travel turns spent in this place divided by the number of levels of this place that you've seen.
                   A       B       C       D       E      F
               +-------+-------+-------+-------+-------+----------------------
         Total | 100.0 | 100.0 |   0.8 |   2.0 |  12.9 | 305.5
       Dungeon | 100.0 | 100.0 |   0.8 |   2.0 |  12.9 | 305.5
               +-------+-------+-------+-------+-------+----------------------

Table legend:
 A = Kills in this place as a percentage of kills in entire the game.
 B = Kills by you in this place as a percentage of kills by you in the entire game.
 C = Kills by friends in this place as a percentage of kills by friends in the entire game.
 D = Other kills in this place as a percentage of other kills in the entire game.
 E = Experience gained in this place as a percentage of experience gained in the entire game.
 F = Experience gained in this place divided by the number of levels of this place that you have seen.
                   A       B       C       D       E      F
               +-------+-------+-------+-------+-------+----------------------
         Total | 100.0 | 100.0 |  -nan |  -nan | 100.0 |  34.5
       Dungeon | 100.0 | 100.0 |  -nan |  -nan | 100.0 |  34.5
               +-------+-------+-------+-------+-------+----------------------

Vanquished Creatures
  An adder (D:2)
  3 giant geckos (D:2)
  3 giant cockroaches
  5 hobgoblins
  6 kobolds (D:1)
  2 ball pythons (D:1)
  6 bats
  3 giant newts
  3 goblins
  5 rats
37 creatures vanquished.

Notes
Turn   | Place    | Note
--------------------------------------------------------------
     0 | D:1      | gw, the Merfolk Hunter, began the quest for the Orb.
     0 | D:1      | Reached XP level 1. HP: 16/16 MP: 1/1
    96 | D:1      | Found an iron altar of Okawaru.
   104 | D:1      | Became a worshipper of Warmaster Okawaru
   157 | D:1      | Reached XP level 2. HP: 21/23 MP: 2/2
   756 | D:1      | Reached XP level 3. HP: 28/28 MP: 3/3
   801 | D:1      | Reached skill level 1 in Invocations
  1776 | D:2      | HP: 1/28 [adder (1)]
  1778 | D:2      | Succumbed to an adder's poison

Action                   || total
-------------------------++-------
Melee: Short sword       ||    59
Throw: Javelin           ||    50
       Stone             ||     4
       Tomahawk          ||     8
  Use: Scroll            ||     3
       Potion            ||     1
  Eat: Chunk             ||     2

Vault maps used:
D:1:      ncdulo_watergridlock, kennysheep_nondescript,
          okawaru_ov_weapons_minmay
D:2:      lemuel_coloured_pillars_altar
